 Dungeon Crawl Stone Soup version 0.20-a0-1026-gc3ddcbd (webtiles) character file.

87 Herrn the Skirmisher (level 4, -4/35 HPs)
             Began as a Formicid Wanderer on Apr 20, 2017.
             Killed from afar by Sigmund (11 damage)
             ... with a puff of flame
             ... on level 2 of the Dungeon.
             The game lasted 00:02:39 (1263 turns).

Herrn the Skirmisher (Formicid Wanderer)            Turns: 1263, Time: 00:02:39

Health: -4/35      AC:  2    Str: 12 (15) XL:     4   Next: 80%
Magic:  4/4        EV: 11    Int: 13 (16) God:
Gold:   46         SH:  3    Dex:  6 (8)  Spells: 3/3 levels left

rFire    . . .     SeeInvis +   a - +2 quarterstaff
rCold    . . .     Gourm    .   c - +0 buckler
rNeg     . . .     Faith    .   d - +0 robe
rPois    .         Spirit   .   (helmet unavailable)
rElec    .         Reflect  .   (no cloak)
rCorr    .         Harm     .   (no gloves)
MR       .....                  (no boots)
Stlth    +.........             (no amulet)
Regen    0.2/turn               (no ring)
MPRegen  0.1/turn               (no ring)

@: no status effects
A: permanent stasis, dig shafts and tunnels, four strong arms, antennae 3
a: Dig, Shaft Self


You were on level 2 of the Dungeon.
You were not hungry.

You visited 1 branch of the dungeon, and saw 2 of its levels.

You collected 46 gold pieces.

Inventory:

Hand Weapons
 a - a +2 quarterstaff (weapon)
Armour
 c - a +0 buckler (worn)
 d - a +0 robe (worn)
Jewellery
 n - an uncursed ring of resist corrosion {unknown}
Scrolls
 e - 2 scrolls of remove curse {unknown}
 g - a scroll of identify {unknown}
 j - a scroll of amnesia {unknown}
 l - a scroll of enchant weapon {unknown}
 o - a scroll of noise {unknown}
 p - a scroll of immolation {unknown}
Potions
 b - a potion of curing
 h - a potion of berserk rage
 i - 2 potions of degeneration
Comestibles
 f - a bread ration
 m - a meat ration
 q - 3 chunks of flesh


   Skills:
 + Level 3.2 Fighting
 + Level 3.0 Staves
 - Level 1.0 Throwing
 + Level 2.9 Armour
 + Level 2.4 Dodging
 + Level 1.2 Shields


You had 3 spell levels left.
You didn't know any spells.

Dungeon Overview and Level Annotations

Branches:
Dungeon (2/15)

Altars:

Annotations:
D:2 Sigmund


Innate Abilities, Weirdness & Mutations

You cannot be hasted, slowed, berserked, paralysed or teleported.
You can dig through walls and to a lower floor.
Your four strong arms can wield two-handed weapons with a shield.
You have a pair of large antennae on your head. (SInv)


Message History

You are too injured to fight recklessly!
You are too injured to fight recklessly!
You are too injured to fight recklessly!
You are too injured to fight recklessly!
You are too injured to fight recklessly!
You are too injured to fight recklessly!
You are too injured to fight recklessly!
You are too injured to fight recklessly!
You are too injured to fight recklessly!
You are too injured to fight recklessly!
You extend your mandibles.
You dig through the rock wall.
You retract your mandibles.
Sigmund says, "Now you see me, now you don't..."
Sigmund points at you and mumbles some strange words.
The puff of flame hits you!
* * * LOW HITPOINT WARNING * * *
Sigmund points at you and mumbles some strange words.
The puff of flame hits you!
You die...

###+#### ###......#
##........# #)##.@....#
########(#.....÷#
.{..........r...+
######..(.....g.#######
######....(.....@.....#
.....'..).......#####.#+###
######.......##.# #......#
######.......##.# #......#
.............##.# ##......#
..÷...###.##.##.###.....###
......###.##.....##.....####
.......##.#.......+....^...#
......###.#...#...#.....##.#


You could see Sigmund (invisible), a gnoll and a quokka.

Vanquished Creatures
  An adder (D:2)
  5 gnolls (D:2)
  An ooze (D:1)
  2 dart slugs (D:1)
  2 goblins (D:1)
  3 hobgoblins (D:1)
  3 jackals (D:1)
  4 kobolds
  A bat (D:1)
  A frilled lizard (D:1)
  2 rats (D:2)
25 creatures vanquished.

Notes
Turn   | Place    | Note
-------+----------+-------------------------------------------
     0 | D:1      | Herrn the Formicid Wanderer began the quest for the Orb.
     0 | D:1      | Herrn set off with: a +2 quarterstaff, a potion of curing, a +0 buckler, a +0 robe, a bread ration
     0 | D:1      | Reached XP level 1. HP: 16/16 MP: 1/1
   220 | D:1      | Reached XP level 2. HP: 20/23 MP: 2/2
   618 | D:1      | Reached XP level 3. HP: 26/28 MP: 3/3
  1059 | D:2      | Reached XP level 4. HP: 25/34 MP: 4/4
  1222 | D:2      | Noticed Sigmund
  1263 | D:2      | Killed from afar by Sigmund

Vault maps used:
D:1:      dpeg_arrival_concentric_ovals
D:2:      chequers_ecumenical_altar_simple, tgw_xom, uniq_sigmund

Skill      XL: |  1  2  3  4 |
---------------+-------------+-----
Dodging        | 2 |  2.4
Fighting       | 3 |  3.2
Staves         | 3 |  3.0
Throwing       | |  1.0
Armour         | |  2.9
Shields        | |  1.2

Action                   |  1- 3 |  4- 6 || total
-------------------------+-------+-------++-------
Melee: Quarterstaff      |    55 |    14 ||    69
 Abil: Dig               |     1 |     2 ||     3
  Use: Potion            |     1 |     3 ||     4
  Eat: Chunk             |       |     1 ||     1
Armor: Robe              |     3 |       ||     3
Dodge: Dodged            |    26 |    11 ||    37
Block: Buckler           |     3 |     1 ||     4
